cohdb
Replays
Latest Replays
All Replays
Popular Replays
Top Player Replays
Match Explorer
How It Works
Community
CoH3 Stats
Reddit
Sign in to upload your games and track your stats! →
Sign in with Steam
Match 41171039
Unlisted
Match 41171039
Overview
Messages
Build Orders
End
Royal Engineer Section
Construct Section Command Post
Selects Canadian Shock Battlegroup
Infantry Section
Infantry Section
Infantry Section
Vickers Machine Gun Team
Construct Platoon Command Post
Selects Attacking Spirit
Selects Canadian Shock Section
Selects Incendiary Munitions
Humber Armored Car
Grenade Package
Selects Pyrotechnics
Construct Field Infirmary
Infantry Training
Construct Company Command Post
Foot Guards Section
Bootyquake
Imagodei
0
0
Comments
sign in to comment!
No comments posted yet!